 Dungeon Sprint DCSS version 0.27-a0-1154-gfdeffcb720 (webtiles) character file.

Game seed: 3008826801137376353

0 Zeld the Sneak (level 1, -3/14 HPs)
             Began as an Octopode Brigand on May 14, 2021.
             Slain by a river rat (8 damage)
             ... in the Dungeon (Sprint IV: "Fedhas' Mad Dash").
             The game lasted 00:00:09 (16 turns).

Zeld the Sneak (Octopode Brigand)                     Turns: 16, Time: 00:00:09

Health: -3/14      AC:  1    Str: 10    XL:     1   Next: 0%
Magic:  1/1        EV: 12    Int: 13    God:
Gold:   0          SH:  0    Dex: 13    Spells: 0/0 levels left

rFire    . . .     SeeInvis .   a - +2 dagger
rCold    . . .     Faith    .   (no shield)
rNeg     . . .     Spirit   .   (helmet restricted)
rPois    .         Reflect  .   (no amulet)
rElec    .         Harm     .   (no ring)
rCorr    .         Rampage  .   (no ring)
Will     .....     NoTele   +   (no ring)
Stlth    ++++......             (no ring)
HPRegen  0.04/turn              (no ring)
MPRegen  0.07/turn              (no ring)
                                (no ring)
                                (no ring)

@: no status effects
A: almost no armour, amphibious, 8 rings, camouflage 1, gelatinous body 1,
(nimble swimmer 1), tentacles
a: no special abilities


You were in the Dungeon.
You visited 1 branch

Inventory:

Hand Weapons
 a - a +2 dagger (weapon)
Missiles
 b - 8 poisoned darts (quivered)
 c - 2 curare-tipped darts
Scrolls
 i - a scroll of blinking
Potions
 d - a potion of curing
 e - a potion of heal wounds
 f - a potion of haste
 g - 2 potions of magic
 h - a potion of berserk rage


   Skills:
 - Level 2.0 Fighting
 * Level 2.0 Short Blades
 - Level 2.0 Throwing
 - Level 1.0 Dodging
 - Level 5.3 Stealth
 + Level 0.0 Spellcasting


You couldn't memorise any spells.
You didn't know any spells.
Your spell library was empty.

Dungeon Overview and Level Annotations

Branches:
Dungeon (1/1)

Altars:


Innate Abilities, Weirdness & Mutations

You cannot wear most types of armour.
You are amphibious.
You can wear up to eight rings at the same time.
Your skin changes colour to match your surroundings (Stealth+).
Your rubbery body absorbs attacks. (AC +1, EV +1)
((You are camouflaged near water. (Stealth+)))
You have tentacles for arms and can constrict up to eight enemies at once.


Message History

Welcome, Zeld the Octopode Brigand.
Press ? for a list of commands and other information.
Found a staircase leading out of the dungeon.
Setting a skill training target for Short Blades at 10.0.
You hit the fungus.
The fungus begins to die.
You grab the fungus. You squeeze the fungus.
The fungus is lightly damaged.
You constrict the fungus. You open the door.
A rat and a river rat come into view.
You constrict the fungus.
Found a robe.
You release your grip on the fungus.
There is an open door here.
A nearby fungus withers and dies.
The river rat bites you!
Ouch! That really hurt!
You see here a +0 robe.
You barely miss the river rat. You grab the river rat.
You squeeze the river rat.
The river rat is heavily wounded.
You constrict the river rat, but do no damage.
You release your grip on the river rat.
The river rat misses you.
There is an open door here.
You closely miss the rat. Your grab misses the rat. You hit the river rat.
You grab the river rat.
The river rat is severely wounded.
You constrict the river rat. The rat closely misses you.
The river rat closely misses you.
You barely miss the river rat.
The river rat is almost dead.
You constrict the river rat, but do no damage.
The rat misses you.
You hit the river rat but do no damage.
The river rat is almost dead.
You constrict the river rat, but do no damage.
The river rat bites you!
Ouch! That really hurt!
You die...

############
#<..P#.....#
#PP.@r.[...+
#PPPr#.....#
############


You could see a river rat and a rat.

Vanquished Creatures (others)
  A fungus (D)
1 creature vanquished.

Notes
Turn   | Place    | Note
-------+----------+-------------------------------------------
     0 | D        | Zeld the Octopode Brigand began the quest for the Orb.
     0 | D        | Reached XP level 1. HP: 14/14 MP: 1/1
    16 | D        | Slain by a river rat

Illustrated notes

Levels and vault maps discovered:
D:        dungeon_sprint_fedhas [sprint_temple]

Action                   || total
-------------------------++-------
Melee: Dagger            ||     6
       Constrict         ||     3
       Tentacles         ||     2
Dodge: Dodged            ||     4

Table legend: (Time is in decaauts)
 A = Elapsed time spent in this place.
 B = Non-inter-level travel time spent in this place.
 C = Inter-level travel time spent in this place.
 D = Time resting spent in this place.
 E = Time spent auto-exploring this place.
 F = Levels seen in this place.
 G = Mean time per level.
                   A        B        C        D        E       F      G
               +--------+--------+--------+--------+--------+-----+--------+
         Total |     15 |     15 |      0 |      0 |      0 |   1 |   15.0 |
       Dungeon |     15 |     15 |      0 |      0 |      0 |   1 |   15.0 |
               +--------+--------+--------+--------+--------+-----+--------+

Top non-repeatable levels by time:
       D: 15 daAuts
